 Dungeon Crawl Stone Soup version 0.30-a0-634-g8abc85282e (webtiles) character file.

Game seed: 10091446635691847701

1540 Dirtsage the Transmogrifier (level 8, -1/51 HPs)
             Began as an Octopode Transmuter on Jan 14, 2023.
             Was an Initiate of Gozag.
             Slain by an acid dragon (4 damage)
             ... on level 6 of the Dungeon.
             The game lasted 00:16:28 (5756 turns).

Dirtsage the Transmogrifier (Octopode Transmuter)   Turns: 5756, Time: 00:16:28

Health: -1/51      AC: -3    Str:  9    XL:     8   Next: 86%
Magic:  11/11      EV: 14    Int: 18    God:    Gozag
Gold:   896        SH:  0    Dex: 12    Spells: 4/11 levels left

rFire   . . .      SeeInvis .      - Unarmed
rCold   . . .      Faith    .    (no shield)
rNeg    + . .      Spirit   .    (helmet restricted)
rPois   .          Reflect  .    (no amulet)
rElec   .          Harm     .    N - ring of positive energy
rCorr   .          Rampage  .    W - ring of wizardry
Will    .....                    (no ring)
Stlth   ++                       (no ring)
HPRegen 0.28/turn                (no ring)
MPRegen 0.12/turn                (no ring)
                                 (no ring)
                                 (no ring)

@: mighty, corroded, studying Transmutations
A: almost no armour, amphibious, 8 rings, camouflage 1, gelatinous body 1,
(nimble swimmer 1), tentacles
a: Renounce Religion, Potion Petition, Call Merchant, Bribe Branch


You were on level 6 of the Dungeon.
You worshipped Gozag.
Gozag was pleased with you.
You visited 2 branches of the dungeon, and saw 7 of its levels.
You also visited: Sewer.

You collected 968 gold pieces.
You paid 72 gold pieces to Gozag.

Inventory:

Missiles
 r - 3 curare-tipped darts
Jewellery
 N - a ring of positive energy (left tentacle)
 W - a ring of wizardry (right tentacle)
Wands
 m - a wand of acid (7)
 u - a wand of mindburst (6)
 x - a wand of polymorph (8)
Scrolls
 b - 2 scrolls of enchant armour
 e - a scroll of fear {unknown}
 h - a scroll of immolation {unknown}
 i - a scroll of magic mapping
 k - 2 scrolls of identify {unknown}
 n - 2 scrolls of poison {unknown}
 o - a scroll of enchant weapon {unknown}
 p - 2 scrolls of brand weapon
 v - 2 scrolls of teleportation {unknown}
 w - 2 scrolls of fog {unknown}
Potions
 a - 3 potions of lignification
 c - 2 potions of berserk rage {unknown}
 d - 3 potions of might
 f - 4 potions of curing {unknown}
 g - a potion of brilliance {unknown}
 j - a potion of mutation {unknown}
 l - a potion of ambrosia {unknown}
 q - a potion of invisibility {unknown}
 s - a potion of heal wounds {unknown}
 t - a potion of flight {unknown}


   Skills:
 + Level 2.9 Fighting
 + Level 3.5 Dodging
 + Level 4.1 Unarmed Combat
 - Level 2.0 Spellcasting
 * Level 8.0 Transmutations
 * Level 6.5 Ice Magic


You had 4 spell levels left.
You knew the following spells:

 Your Spells              Type           Power      Damage    Failure   Level
a - Ice Form              Ice/Tmut       28%        N/A       3%          4
b - Wereblood             Tmut           30%        N/A       1%          2
c - Beastly Appendage     Tmut           60%        N/A       1%          1

Your spell library contained the following spells:

 Spells                   Type           Power      Damage    Failure   Level
 Spider Form              Tmut/Pois      16%        N/A       4%          3
 Inner Flame              Hex/Fire       1%         N/A       21%         3
 Flame Wave               Conj/Fire      1%         2d4       54%         4
 Sticky Flame             Conj/Fire      1%         2d3       54%         4


Dungeon Overview and Level Annotations

Branches:
Dungeon (6/15)             Temple (1/1) D:4           Sewer (visited)

Altars:
Ashenzari
Gozag
Nemelex Xobeh
Okawaru
Trog
Wu Jian
Xom
Yredelemnul


Innate Abilities, Weirdness & Mutations

You cannot wear most types of armour.
You are amphibious.
You can wear up to eight rings at the same time.
Your skin changes colour to match your surroundings (Stealth+).
Your rubbery body absorbs attacks. (AC +1, EV +1)
((You are camouflaged when in or above water. (Stealth+)))
You have tentacles for arms and can constrict up to eight enemies at once.


Message History

The acid dragon barely misses you. The acid dragon claws you.
You take 2 damage, and have 21/61 hp.
You hit the acid dragon but do no damage.
The acid dragon barely misses you. The acid dragon claws you.
You take 1 damage, and have 20/61 hp.
You completely miss the acid dragon.
The acid dragon bites you but does no damage.
The acid dragon claws you.
* * * LOW HITPOINT WARNING * * *
You take 4 damage, and have 16/61 hp.
You hit the acid dragon. You freeze the acid dragon.
The acid dragon is lightly wounded.
The acid dragon bites you.
* * * LOW HITPOINT WARNING * * *
The acid dragon claws you but does no damage.
You take 6 damage, and have 10/61 hp.
You completely miss the acid dragon.
The acid dragon is lightly wounded.
You hit the acid dragon but do no damage.
The acid dragon is lightly wounded.
You warm up again.
The acid dragon misses you. The acid dragon closely misses you.
You now have 9/51 hp.
You closely miss the acid dragon. Your squeeze misses the acid dragon.
The acid dragon is lightly wounded.
The acid dragon bites you.
* * * LOW HITPOINT WARNING * * *
The acid dragon barely misses you.
You take 2 damage, and have 7/51 hp.
It was a potion of might.
You feel very mighty all of a sudden.
d - 3 potions of might;
j - a white potion The acid dragon closely misses you.
The acid dragon claws you.
* * * LOW HITPOINT WARNING * * *
You take 4 damage, and have 3/51 hp.
You tentacle-slap the acid dragon.
The acid dragon is moderately wounded.
The acid dragon closely misses you. The acid dragon claws you.
You die...
Your body crumbles into a pile of gold.

#####..#.###.#.# #.#
#..#.###.#.# #.#
#..#.##..#.# #.# #
#..#.##.##.# #.# # #
#..#.##>##.###.##.# #
#..#.##.##......:.# #
#................?#$$
# ##.####....<.D....#
## #..........@...###
$ .##
##########.###..#
#.## #.# #..#
##.##### #.# #.#
##....# #.# D#
##.###.# #.# .. #.##
#.# . .## #.# ## ).#


You could see an acid dragon.

Vanquished Creatures
  A troll (D:5)
  Edmund (D:6)
  An orc warrior (D:6)
  An ice beast (D:5)
  A black bear (D:6)
  2 phantoms
  3 kobold brigands (Sewer)
  3 scorpions
  4 jellies
  A hound (D:5)
  An orc priest (D:6)
  5 adders
  3 gnolls (D:5)
  6 river rats
  6 worms
  3 dart slugs
  2 orcs
  9 ball pythons
  11 endoplasms
  3 giant cockroaches
  3 goblins
  2 hobgoblins
  4 jackals (D:2)
  7 quokkas
  2 bats
  2 frilled lizards
  8 kobolds
  11 rats
106 creatures vanquished.

Vanquished Creatures (others)
  A plant (D:1)
1 creature vanquished.

Grand Total: 107 creatures vanquished

Notes
Turn   | Place    | Note
-------+----------+-------------------------------------------
     0 | D:1      | Dirtsage the Octopode Transmuter began the quest for the
                  | Orb.
     0 | D:1      | Reached XP level 1. HP: 13/13 MP: 3/3
   162 | D:1      | Reached skill level 1 in Ice Magic
   162 | D:1      | Reached XP level 2. HP: 14/18 MP: 5/5
   231 | D:1      | Learned a level 2 spell: Wereblood
   302 | D:1      | Reached XP level 3. HP: 23/23 MP: 4/6
   793 | D:2      | Reached skill level 3 in Transmutations
  1394 | D:3      | Found a faded altar of an unknown god.
  1681 | D:3      | Found a sparkling altar of Nemelex Xobeh.
  1681 | D:3      | Found an opulent altar of Gozag.
  1690 | D:3      | Became a worshipper of Gozag Ym Sagoz the Greedy
  2094 | D:4      | Found an iron altar of Okawaru.
  2094 | D:4      | Found an ornate altar of the Wu Jian Council.
  2099 | D:4      | Found a basalt altar of Yredelemnul.
  2101 | D:4      | Found a shimmering altar of Xom.
  2102 | D:4      | Found a broken altar of Ashenzari.
  2188 | D:4      | Reached XP level 4. HP: 20/28 MP: 5/7
  2193 | D:4      | Learned a level 4 spell: Ice Form
  2338 | D:4      | Found a staircase to the Ecumenical Temple.
  2360 | Temple   | Entered the Ecumenical Temple
  2370 | D:4      | Noticed a scorpion
  2370 | D:4      | Noticed a phantom
  2389 | D:4      | Killed a scorpion
  2390 | D:4      | Reached XP level 5. HP: 29/33 MP: 8/8
  2394 | D:4      | Killed a phantom
  2395 | D:4      | Reached skill level 4 in Transmutations
  2558 | D:4      | Found a glowing drain.
  2590 | Sewer    | Entered a sewer
  2608 | Sewer    | Noticed a kobold brigand
  2618 | Sewer    | Killed a kobold brigand
  2619 | Sewer    | Reached XP level 6. HP: 26/38 MP: 4/9
  2846 | Sewer    | Reached skill level 5 in Transmutations
  3269 | Sewer    | Reached XP level 7. HP: 43/43 MP: 5/10
  3448 | Sewer    | Reached skill level 5 in Ice Magic
  3925 | D:5      | Entered Level 5 of the Dungeon
  4391 | D:5      | Reached skill level 6 in Transmutations
  4572 | D:5      | Reached XP level 8. HP: 50/50 MP: 2/11
  4755 | D:5      | Found a bloodstained altar of Trog.
  4925 | D:5      | Noticed a troll
  5062 | D:5      | Killed a troll
  5063 | D:5      | Reached skill level 7 in Transmutations
  5559 | D:6      | Noticed Edmund
  5567 | D:6      | Killed Edmund
  5708 | D:6      | Reached skill level 8 in Transmutations
  5756 | D:6      | Slain by an acid dragon

Illustrated notes

Levels and vault maps discovered:
D:1:      saegor_arrival_simple_e, layout_rooms, serial_bayou_lagoon_b
D:2:      layout_loops_ring
D:3:      layout_loops_ring, grunt_temple_overflow_opulence,
          chequers_ecumenical_altar_island, chequers_serial_rivers_small_b
D:4:      layout_basic, chequers_temple_overflow_minitemple, temple_pool_b,
          portal_sewer_entry_b
D:5:      layout_basic, kennysheep_mini_moat, corexii_corridor_pit, minmay_puff
D:6:      kennysheep_windowed_halls, layout_loops_ring,
          mainiacjoe_overflow_boulevard, chequers_serial_rivers_micro_b,
          uniq_edmund
Temple:   jpeg_temple_alley_garden

Skill      XL: |  1  2  3  4  5  6  7  8 |
---------------+-------------------------+-----
Ice Magic      | 1 2 3 4 5 6 |  6.5
Transmutations | 3 4 5 6 8 |  8.0
Fighting       | 2 |  2.9
Dodging        | 3 |  3.5
Unarmed Combat | 4 |  4.1
Spellcasting   | |  2.0

Action                   |  1- 3 |  4- 6 |  7- 9 || total
-------------------------+-------+-------+-------++-------
Melee: Unarmed           |   106 |    69 |   107 ||   282
       Constrict         |    24 |       |     3 ||    27
       Tentacles         |    16 |       |     4 ||    20
       Kick              |    15 |       |     1 ||    16
       Punch             |     4 |     1 |       ||     5
 Cast: Beastly Appendage |     9 |       |     1 ||    10
       Wereblood         |     2 |     1 |     4 ||     7
       Ice Form          |       |    11 |    20 ||    31
Evoke: Wand              |       |       |     2 ||     2
  Use: Potion            |       |     1 |     1 ||     2
       Scroll            |       |       |     4 ||     4
 Stab: Sleeping          |     8 |       |     1 ||     9
       Distracted        |       |     3 |       ||     3
Armor: Skin              |     7 |    22 |    25 ||    54
Dodge: Dodged            |    65 |    20 |    37 ||   122

Table legend: (Time is in decaauts)
 A = Elapsed time spent in this place.
 B = Non-inter-level travel time spent in this place.
 C = Inter-level travel time spent in this place.
 D = Time resting spent in this place.
 E = Time spent auto-exploring this place.
 F = Levels seen in this place.
 G = Mean time per level.
                   A        B        C        D        E       F      G
               +--------+--------+--------+--------+--------+-----+--------+
         Total |   5735 |   5607 |    128 |    249 |   4055 |   8 |  716.9 |
       Dungeon |   4708 |   4580 |    128 |    249 |   3257 |   6 |  784.7 |
        Temple |      1 |      1 |      0 |      0 |      0 |   1 |    1.0 |
         Sewer |   1026 |   1026 |      0 |      0 |    798 |   1 | 1026.0 |
               +--------+--------+--------+--------+--------+-----+--------+

Top non-repeatable levels by time:
     D:5: 1210 daAuts
   Sewer: 1026 daAuts
     D:4: 877 daAuts
     D:2: 840 daAuts
     D:3: 672 daAuts
     D:6: 614 daAuts
     D:1: 493 daAuts
  Temple: 1 daAuts
